 Dungeon Crawl Stone Soup version 0.21-a0-529-g8c7b3f5 (webtiles) character file.

84 Gerstahl the Skirmisher (level 4, 0/30 HPs)
             Began as a Gargoyle Monk on Dec 9, 2017.
             Slain by a gnoll
             ... wielding a +0 spear
              (8 damage)
             ... on level 2 of the Dungeon.
             The game lasted 00:02:51 (1175 turns).

Gerstahl the Skirmisher (Gargoyle Monk)             Turns: 1175, Time: 00:02:51

Health: 0/30       AC:  6    Str: 14    XL:     4   Next: 46%
Magic:  4/4        EV: 13    Int: 11    God:
Gold:   60         SH:  0    Dex: 13    Spells: 3/3 levels left

rFire    . . .     SeeInvis .   a - +0 falchion
rCold    . . .     Gourm    .   (no shield)
rNeg     + . .     Faith    .   b - +0 robe
rPois    ∞         Spirit   .   (no helmet)
rElec    +         Reflect  .   (no cloak)
rCorr    .         Harm     .   (no gloves)
MR       .....                  l - +0 pair of boots
Stlth    ++........             (no amulet)
HPRegen  0.10/turn              (no ring)
MPRegen  0.09/turn              (no ring)

@: no status effects
A: negative energy resistance 1, electricity resistance, unbreathing,
petrification resistance, rot immunity, AC +3
a: no special abilities


You were on level 2 of the Dungeon.
You were very hungry.

You visited 1 branch of the dungeon, and saw 2 of its levels.

You collected 60 gold pieces.

Inventory:

Hand Weapons
 a - a +0 falchion (weapon)
Armour
 b - a +0 robe (worn)
 l - a +0 pair of boots (worn)
Scrolls
 d - a scroll of noise {unknown}
 e - a scroll of amnesia {unknown}
 f - a scroll of remove curse {unknown}
 g - a scroll of teleportation {unknown}
Potions
 h - a potion of heal wounds {unknown}
 j - a potion of ambrosia {unknown}
 k - a potion of agility {unknown}
 m - a potion of brilliance {unknown}
Comestibles
 c - 2 bread rations
 i - a meat ration


   Skills:
 + Level 4.6 Fighting
 + Level 3.8 Long Blades
 - Level 2.4 Dodging
 - Level 2.1 Stealth


You had 3 spell levels left.
You didn't know any spells.

Dungeon Overview and Level Annotations

Branches:
Dungeon (2/15)

Altars:
Dithmenos
Elyvilon


Innate Abilities, Weirdness & Mutations

You are resistant to torment.
Your stone body is resilient. (AC +3)
You are immune to poison.
You resist negative energy. (rN+)
You are resistant to electric shocks. (rElec)
You can survive without breathing.
You are immune to petrification.
You are immune to rotting.


Message History

You barely miss the gnoll.
The gnoll is heavily wounded.
The gnoll misses you. The gnoll hits you but does no damage.
The gnoll hits you from afar with a spear.
You hit the gnoll.
The gnoll is severely wounded.
The gnoll closely misses you. The gnoll barely misses you.
You slash the gnoll!
You kill the gnoll!
The gnoll hits you from afar with a spear.
* * * LOW HITPOINT WARNING * * *
Things that are here:
a short sword; a gnoll corpse The gnoll closely misses you.
You riposte.
You closely miss the gnoll. The gnoll barely misses you.
The gnoll hits you but does no damage.
Things that are here:
a short sword; a gnoll corpse You hit the gnoll but do no damage.
The gnoll hits you with a spear!
You die...

#g.
.%###........#.####.<.....
... .'......##.##.........
gg.# #......#...###..†.###
#.....#.P.# #..#.##
#....#...# #.##..#
#...##.## #.###.# ##'###.#
#.# #.# #####g###.#
#.###.## #...@g....#
#....... #.###.#.###
#####.## #.##....# #.#
..###.#.....# #.#
#...........# #.#
.###.......##########.#
#####.##...........#
#....########### ######


You could see 2 gnolls.

Vanquished Creatures
  2 gnolls (D:2)
  2 adders (D:2)
  3 dart slugs
  2 leopard geckos (D:1)
  2 giant cockroaches
  5 goblins
  3 hobgoblins
  6 jackals
  3 bats
  2 frilled lizards
  3 kobolds
  6 rats
39 creatures vanquished.

Notes
Turn   | Place    | Note
-------+----------+-------------------------------------------
     0 | D:1      | Gerstahl the Gargoyle Monk began the quest for the Orb.
     0 | D:1      | Reached XP level 1. HP: 14/14 MP: 1/1
   182 | D:1      | Reached XP level 2. HP: 19/19 MP: 2/2
   372 | D:1      | Reached skill level 4 in Fighting
   372 | D:1      | Reached XP level 3. HP: 21/24 MP: 3/3
   726 | D:2      | Found a shadowy altar of Dithmenos.
   980 | D:2      | Reached XP level 4. HP: 30/30 MP: 4/4
  1027 | D:2      | Found a white marble altar of Elyvilon.
  1175 | D:2      | Slain by a gnoll

Vault maps used:
D:1:      mrwooster_arrival_statue_2, minivault_4
D:2:      elyvilon_altar_1, lemuel_crystal_altar, lemuel_doored_altar, hex_large

Skill      XL: |  1  2 |
---------------+-------+-----
Long Blades    | 3 |  3.8
Fighting       | 4 |  4.6
Dodging        | |  2.4
Stealth        | |  2.1

Action                   |  1- 3 |  4- 6 || total
-------------------------+-------+-------++-------
Melee: Falchion          |    91 |    22 ||   113
 Stab: Sleeping          |     5 |       ||     5
Armor: Robe              |    38 |     6 ||    44
Dodge: Dodged            |    55 |    16 ||    71
       Rpst.: Falchion   |    18 |     5 ||    23

Table legend:
 A = Spawn XP
 B = Non-spawn XP
 C = Spawn XP percentage of total XP
 D = Spawn monster count
 E = Non-spawn monster count
 F = Spawn count percentage of total count
 G = Total turns spent on level
                    A         B        C        D         E        F      G
               +---------+---------+-------+---------+---------+-------+---------
         Total |       0 |     121 |   0.0 |       0 |      39 |   0.0 |  1175
               +---------+---------+-------+---------+---------+-------+---------
           D:1 |       0 |      37 |   0.0 |       0 |      20 |   0.0 |   633
           D:2 |       0 |      84 |   0.0 |       0 |      19 |   0.0 |   542
               +---------+---------+-------+---------+---------+-------+---------
